 Dungeon Crawl Stone Soup version 0.24.0-123-gd5b16e6ec5 (webtiles) character file.

Game seed: 17923522504352742238, levelgen mode: deterministic

4111 Descartes the Skirmisher (level 10, -1/79 HPs)
             Began as a Formicid Abyssal Knight on Jan 16, 2020.
             Was an Elder of Lugonu.
             Slain by a troll (10 damage)
             ... on level 8 of the Dungeon.
             The game lasted 00:23:50 (13385 turns).

Descartes the Skirmisher (Formicid Abyssal Knight) Turns: 13385, Time: 00:23:50

Health: -1/79      AC: 11    Str: 17    XL:     10   Next: 51%
Magic:  15/15      EV: 14    Int: 13    God:    Lugonu [****..]
Gold:   507        SH:  0    Dex: 16    Spells: 9/9 levels left

rFire    . . .     SeeInvis +   a - +1 hand axe
rCold    . . .     Gourm    .   (no shield)
rNeg     . . .     Faith    .   R - +2 scale mail of Fun and Games {Dex+6}
rPois    +         Spirit   .   (helmet unavailable)
rElec    .         Reflect  .   (no cloak)
rCorr    .         Harm     .   D - +0 pair of gloves
MR       +....                  (no boots)
Stlth    +.........             (no amulet)
HPRegen  0.23/turn              g - +2 ring of slaying
MPRegen  0.14/turn              h - ring of poison resistance

@: no status effects
A: permanent stasis, dig shafts and tunnels, four strong arms, antennae 3, weak
1, MP-powered wands, sturdy frame 1
a: Dig, Shaft Self, Depart the Abyss, Bend Space, Banish, Corrupt, Renounce
Religion


You were on level 8 of the Dungeon.
You worshipped Lugonu.
Lugonu was greatly pleased with you.
You were hungry.

You visited 2 branches of the dungeon, and saw 10 of its levels.
You visited the Abyss 1 time.

You collected 507 gold pieces.

Inventory:

Hand Weapons
 a - a +1 hand axe (weapon)
 s - a +0 hunting sling of flaming
 w - a +2 dagger of holy wrath
 I - a +0 shortbow
 Q - a +0 shortbow of flaming
Missiles
 b - 11 boomerangs
 j - 143 arrows
 k - 25 sling bullets
 l - 220 stones (quivered)
 n - 34 bolts
 J - 4 curare-tipped darts
 L - 23 poisoned darts
Armour
 q - a +0 plate armour
 D - a +0 pair of gloves (worn)
 E - +0 steam dragon scales
 R - the +2 scale mail of Fun and Games (worn) {Dex+6}
   (You found it on level 7 of the Dungeon)

   It affects your dexterity (+6).
Jewellery
 f - an uncursed ring of flight
 g - a +2 ring of slaying (left hand)
 h - a ring of poison resistance (right hand)
 y - an uncursed ring of resist corrosion
Wands
 A - a wand of paralysis (24)
 P - a wand of flame (12)
Scrolls
 e - 3 scrolls of noise {unknown}
 i - 2 scrolls of amnesia
 m - a scroll of immolation {unknown}
 p - a scroll of enchant armour {unknown}
 r - 3 scrolls of magic mapping
 x - 2 scrolls of blinking {unknown}
 z - 2 scrolls of remove curse {unknown}
 C - 4 scrolls of teleportation {unknown}
 H - a scroll of summoning {unknown}
 K - 2 scrolls of fog {unknown}
 M - 4 scrolls of identify
 N - a scroll of silence {unknown}
Potions
 d - 2 potions of agility {unknown}
 t - a potion of mutation
 u - a potion of berserk rage {unknown}
 v - a potion of flight
 B - 3 potions of curing {unknown}
 F - a potion of ambrosia
 G - a potion of might {unknown}
 O - a potion of haste {unknown}
Comestibles
 c - 15 rations


   Skills:
 + Level 7.4 Fighting
 + Level 6.2 Axes
 + Level 7.0 Armour
 + Level 5.3 Dodging
 + Level 7.2 Invocations
 + Level 6.2 Evocations


You had 9 spell levels left.
You didn't know any spells.
Your spell library was empty.

Dungeon Overview and Level Annotations

Branches:
Dungeon (9/15)             Temple (1/1) D:6             Orc (0/2) D:9
   Lair: D:8-11

Altars:
Ashenzari
Cheibriados
Dithmenos
Elyvilon
Fedhas
Gozag
Hepliaklqana
Kikubaaqudgha
Makhleb
Nemelex Xobeh
Okawaru
Qazlal
Ru
Sif Muna
Trog
Uskayaw
Vehumet
Wu Jian
Xom
Yredelemnul
Zin
The Shining One

Annotations:
Temple corrupted


Innate Abilities, Weirdness & Mutations

You cannot be hasted, slowed, berserked, paralysed or teleported.
You can dig through walls and to a lower floor.
Your four strong arms can wield two-handed weapons with a shield.
You have a pair of large antennae on your head. (SInv)
You are weak. (Str -2)
You expend magic power (3 MP) to strengthen your wands.
Your movements are slightly less encumbered by armour. (ER -2)


Message History

The troll bites you! The troll claws you. The troll closely misses you.
The troll closely misses you. The troll claws you.
The troll closely misses you.
You barely miss the troll. The troll closely misses you. x2
The troll claws you!
You slash the troll!
The troll is moderately wounded.
The troll misses you. The troll claws you but does no damage.
The troll claws you.
You hit the troll.
The troll is moderately wounded.
The troll bites you but does no damage. The troll misses you.
The troll claws you!
* * * LOW HITPOINT WARNING * * *
You slash the troll!
The troll is heavily wounded.
The troll bites you!
* * * LOW HITPOINT WARNING * * *
The troll claws you!
You die...

#..)......# #.# #.##.#
#.###.#.#.###.###.##.# ###.#
#.#...........##.# ....#
#.###............# ....# #.#
#####.######## ###.# #.# #.#
###.###.# #O#
.....##.#######T##
###..##........#@#
#..#...######.##
#.............#################
#.##...#######................#
#.###.########.##############.#
#.# #..........# #.# ###.#
#.########.# ##.# ....# #.# #.#
#######.#. .#### #.########.###
#......###


You could see a troll and an ogre.

Vanquished Creatures
  Prince Ribbit (D:8)
  2 hippogriffs (D:8)
  A spriggan (D:7)
  Sigmund (D:3)
  A hungry ghost (D:8)
  Duvessa (D:7)
  3 ice beasts
  2 ogres
  A phantom (D:6)
  2 sky beasts
  3 centaurs
  4 bullfrogs
  Dowan (D:7)
  4 killer bees (D:7)
  2 electric eels (D:7)
  A crimson imp (D:7)
  A quasit (D:7)
  8 orc priests
  A bullfrog skeleton (D:4)
  A centaur skeleton (D:4)
  2 hounds
  An iguana (D:6)
  3 jellies
  5 orc wizards
  4 gnoll shamans (D:4)
  6 worker ants
  A hound zombie (D:6)
  A howler monkey zombie (D:5)
  10 adders
  30 gnolls
  A shadow imp (D:5)
  3 oozes
  2 adder zombies
  A worm (D:3)
  2 dart slugs
  3 leopard geckos
  20 orcs
  A ball python (D:3)
  9 giant cockroaches
  5 hobgoblins
  20 jackals
  8 kobolds
  2 quokkas
  A ball python zombie (D:5)
  8 bats
  3 frilled lizards
  5 goblins
  A leopard gecko skeleton (D:4)
  2 quokka skeletons (D:6)
  2 quokka zombies
  13 rats
216 creatures vanquished.

Notes
Turn   | Place    | Note
-------+----------+-------------------------------------------
     0 | Abyss:1  | Descartes the Formicid Abyssal Knight began the quest for
                  | the Orb.
     0 | Abyss:1  | Reached XP level 1. HP: 18/18 MP: 2/2
    45 | Abyss:1  | Noticed a rakshasa
   130 | Abyss:2  | Noticed a guardian serpent
   138 | Abyss:2  | Noticed a soul eater
   139 | D:1      | Escaped the Abyss
   305 | D:1      | Noticed a halfling
   305 | D:1      | Noticed a ghoul
   307 | D:1      | Noticed an elf
   307 | D:1      | Noticed a human
   309 | D:1      | Noticed a formicid
   309 | D:1      | Noticed a centaur
   311 | D:1      | Noticed a naga
   313 | D:1      | Noticed a felid
   313 | D:1      | Noticed a demonspawn
   319 | D:1      | Noticed a draconian
   319 | D:1      | Noticed a tengu
   321 | D:1      | Noticed an octopode
   321 | D:1      | Noticed a troll
   325 | D:1      | Noticed an ogre
   325 | D:1      | Noticed a merfolk
   327 | D:1      | Noticed a gargoyle
   329 | D:1      | Noticed a vampire
   329 | D:1      | Noticed a vine stalker
   331 | D:1      | Noticed a minotaur
   331 | D:1      | Noticed a dwarf
   333 | D:1      | Noticed a spriggan
   333 | D:1      | Noticed a demigod
   397 | D:1      | Reached * piety under Lugonu
   518 | D:1      | Reached XP level 2. HP: 25/25 MP: 3/3
  1232 | D:2      | Reached XP level 3. HP: 30/30 MP: 4/4
  1317 | D:2      | Reached skill level 1 in Dodging
  1655 | D:2      | Found a glowing silver altar of Zin.
  1655 | D:2      | Found an opulent altar of Gozag.
  1707 | D:2      | Reached skill level 1 in Evocations
  2050 | D:3      | Reached XP level 4. HP: 33/37 MP: 5/5
  2087 | D:3      | Reached ** piety under Lugonu
  2092 | D:3      | Reached XP level 5. HP: 41/42 MP: 7/7
  2426 | D:3      | Noticed Sigmund
  2446 | D:3      | Killed Sigmund
  2446 | D:3      | Reached XP level 6. HP: 6/49 MP: 8/8
  2974 | D:3      | Found a snail-covered altar of Cheibriados.
  2975 | D:3      | Found a shadowy altar of Dithmenos.
  2975 | D:3      | Found a stormy altar of Qazlal.
  2976 | D:3      | Found a shimmering altar of Xom.
  3253 | D:4      | Reached XP level 7. HP: 55/55 MP: 9/9
  3269 | D:4      | Reached *** piety under Lugonu
  3871 | D:4      | Reached skill level 5 in Fighting
  4438 | D:4      | Reached XP level 8. HP: 46/62 MP: 11/11
  4751 | D:4      | Reached **** piety under Lugonu
  5752 | D:5      | Entered Level 5 of the Dungeon
  6215 | D:5      | Reached skill level 5 in Invocations
  6363 | D:5      | Reached skill level 5 in Armour
  6369 | D:5      | Gained mutation: You are weak. (Str -2) [potion of
                  | mutation]
  6369 | D:5      | Gained mutation: Your movements are slightly less
                  | encumbered by armour. (ER -2) [potion of mutation]
  6369 | D:5      | Gained mutation: You expend magic power (3 MP) to
                  | strengthen your wands. [potion of mutation]
  6652 | D:5      | Found a glowing golden altar of the Shining One.
  6652 | D:5      | Found a burning altar of Makhleb.
  6661 | D:5      | Found an ancient bone altar of Kikubaaqudgha.
  6663 | D:5      | Found a white marble altar of Elyvilon.
  6664 | D:5      | Found a hide-covered altar of Uskayaw.
  6739 | D:5      | HP: 3/64 [ogre/+0 giant club (19)]
  6749 | D:5      | Reached XP level 9. HP: 6/69 MP: 12/12
  7660 | D:6      | Reached skill level 5 in Axes
  7670 | D:6      | Found a radiant altar of Vehumet.
  7823 | D:6      | Reached skill level 5 in Evocations
  8324 | D:6      | Found a staircase to the Ecumenical Temple.
  8362 | Temple   | Entered the Ecumenical Temple
  8364 | Temple   | Corrupted Temple
  8364 | Temple   | Noticed a worldbinder
  8364 | Temple   | Noticed a thrashing horror
  8364 | Temple   | Noticed a starcursed mass
  8365 | Temple   | Noticed a starcursed mass
  8402 | Temple   | Noticed a thrashing horror
  8415 | Temple   | Noticed a purple draconian
  9520 | D:7      | Got a shimmering scale mail
  9537 | D:7      | Identified the +2 scale mail of Fun and Games {Dex+6} (You
                  | found it on level 7 of the Dungeon)
 11042 | D:7      | Noticed Duvessa
 11043 | D:7      | Noticed Dowan
 11079 | D:7      | Killed Duvessa
 11107 | D:7      | Killed Dowan
 11490 | D:7      | Reached XP level 10. HP: 35/77 MP: 14/14
 12372 | D:8      | Reached skill level 5 in Dodging
 12854 | D:8      | Noticed Prince Ribbit
 12883 | D:8      | Killed Prince Ribbit
 13163 | D:8      | Found a hazy altar of Hepliaklqana.
 13343 | D:9      | Found a staircase to the Orcish Mines.
 13385 | D:8      | Slain by a troll

Levels and vault maps discovered:
D:1:      kb_arrival_jail, layout_rooms, roderic_nine_men_s_morris
D:2:      layout_basic, grunt_temple_overflow_gold_and_silver, first_ration
D:3:      layout_loops_ring, chequers_temple_overflow_statue_of_worship,
          serial_forest, infiniplex_forest_end_3,
          infiniplex_forest_lined_room_3, infiniplex_forest_side_room,
          infiniplex_forest_end_double, minmay_starry_boxes, uniq_sigmund
D:4:      lemuel_castle_with_subvaults [lemuel_castle_interior_carwin_2],
          layout_basic
D:5:      layout_loops_corners, chequers_temple_overflow_minitemple
D:6:      layout_rooms, vehumet_altar_wand_db, minmay_temple_entry_mini_moons
D:7:      layout_layer_cave, the_bakery, kennysheep_dice, uniq_duvessa
D:8:      layout_loops_ring, overflow_temple_1_default, uniq_prince_ribbit1
D:9:      layout_big_octagon, orc_0_dummy
Temple:   nicolae_temple_figure_zero

Skill      XL: |  1  2  3  4  5  6  7  8  9 10 |
---------------+-------------------------------+-----
Dodging        | 1 2 3 4 5 |  5.3
Evocations     | 1 2 3 4 5 6 |  6.2
Fighting       | 4 5 6 7 |  7.4
Armour         | 3 4 5 6 7 |  7.0
Invocations    | 3 4 5 6 7 |  7.2
Axes           | 3 4 5 6 |  6.2

Action                   |  1- 3 |  4- 6 |  7- 9 | 10-12 || total
-------------------------+-------+-------+-------+-------++-------
Melee: Hand axe          |    84 |   125 |   719 |   126 ||  1054
Invok: Depart the Abyss  |     1 |       |       |       ||     1
       Corrupt           |       |       |     1 |       ||     1
 Abil: Dig               |     2 |       |     6 |       ||     8
       Evoke Flight      |     1 |       |       |       ||     1
  Use: Scroll            |       |       |     5 |       ||     5
       Potion            |       |       |     2 |       ||     2
  Eat: Chunk             |     4 |     4 |    18 |     5 ||    31
       Ration            |       |       |     3 |     1 ||     4
Armor: Leather armour    |    21 |       |       |       ||    21
       Plate armour      |    33 |    59 |   375 |       ||   467
       Ring mail         |     2 |       |       |       ||     2
       Scale mail        |       |       |    53 |    57 ||   110
Dodge: Dodged            |    62 |    41 |   281 |   108 ||   492
